 Dungeon Crawl Stone Soup version 0.24.0-35-gdb84b6a5db (webtiles) character file.

Game seed: 4356797591156982098, levelgen mode: deterministic

1466442 iamserjio the Slayer (level 27, 203/203 (207) HPs)
             Began as an Octopode Arcane Marksman on Nov 19, 2019.
             Was a High Priest of Okawaru.
             Escaped with the Orb
             ... and 3 runes!
             The game lasted 03:46:50 (93171 turns).

iamserjio the Slayer (Octopode Arcane Marksman)    Turns: 93171, Time: 03:46:51

HP:   203/203 (207) AC: 12    Str: 23    XL:     27
MP:   48/48         EV: 37    Int: 20    God:    Okawaru [*****.]
Gold: 445           SH: 37    Dex: 21    Spells: 1/50 levels left

rFire    + + +     SeeInvis +   m - +5 broad axe (freeze)
rCold    + + +     Gourm    .   F - +5 large shield {AC+3}
rNeg     + + +     Faith    .   f - +0 hat of the Wumpus {MR+ Str+2 Dex+4}
rPois    +         Spirit   .   L - amulet "Okomy" {Reflect rC+ SH+6}
rElec    +         Reflect  +   P - ring of Giusyux {rElec rN++ Stlth+}
rCorr    .         Harm     .   E - ring of Vuheb {rC+ rN+ MP+9 Int+3 Dex+4}
MR       ++++.     Clarity  +   i - ring of Qepupuut {+Fly rF+ rC+ Str-2 Slay+3}
Stlth    ++++......             T - ring of Abroner {rF+ MR+}
HPRegen  0.43/turn              Q - +3 ring of evasion
MPRegen  0.31/turn              n - ring of Defoenga {rPois AC+2 Str+6 Dex-5}
                                W - +5 ring of protection
                                u - ring "Suylicea" {rF+ SInv Stlth+}

@: heroism, deflect missiles
A: almost no armour, stealthy swim, amphibious, 8 rings, constrict 8, tentacle
spike 1, camouflage 1, agile 1, clarity, shaggy fur 1, gelatinous body 1
0: Orb of Zot
}: 3/15 runes: decaying, slimy, gossamer
a: Heroism, Finesse, Renounce Religion, Evoke Flight


You escaped.
You worshipped Okawaru.
Okawaru was extremely pleased with you.
You were hungry.

You visited 10 branches of the dungeon, and saw 53 of its levels.
You visited 1 ziggurat, and saw 5 of its levels.
You also visited: Sewer and Gauntlet.

You collected 9360 gold pieces.
You spent 8915 gold pieces at shops.

Inventory:

Hand Weapons
 a - a +5 vampiric broad axe
 m - a +5 broad axe of freezing (weapon)
 N - a +3 antimagic broad axe
Missiles
 c - 8 throwing nets (quivered) {!f}
Armour
 f - the +0 hat of the Wumpus (worn) {MR+ Str+2 Dex+4}
   (Okawaru gifted it to you on level 1 of the Orcish Mines)

   It affects your strength (+2).
   It affects your dexterity (+4).
   It affects your resistance to hostile enchantments.
 F - a +5 large shield of protection (worn)
Jewellery
 h - the ring "Faata" {rN+ Int+5}
   (You acquired it on level 1 of the Orcish Mines)

   [ring of positive energy]

   It affects your intelligence (+5).
   It protects you from negative energy.
 i - the ring of Qepupuut (on tentacle) {+Fly rF+ rC+ Str-2 Slay+3}
   (You found it on level 4 of a ziggurat)

   [ring of protection from fire]

   It affects your strength (-2).
   It affects your accuracy and damage with ranged weapons and melee attacks
   (+3).
   It protects you from fire.
   It protects you from cold.
   It lets you fly.
 k - the ring of Epseaczi {rC++ rN+ Int+2 Stlth+}
   (You found it on level 5 of the Pits of Slime)

   [ring of positive energy]

   It affects your intelligence (+2).
   It greatly protects you from cold.
   It protects you from negative energy.
   It makes you more stealthy.
 n - the ring of Defoenga (on tentacle) {rPois AC+2 Str+6 Dex-5}
   (You acquired it in a Gauntlet)

   [ring of protection]

   It affects your AC (+2).
   It affects your strength (+6).
   It affects your dexterity (-5).
   It protects you from poison.
 u - the ring "Suylicea" (on tentacle) {rF+ SInv Stlth+}
   (You found it in a Gauntlet)

   [ring of stealth]

   It protects you from fire.
   It lets you see invisible.
   It makes you more stealthy.
 y - an uncursed ring of resist corrosion
 C - the ring "Gugediycku" {Ice rElec Int+2 Stlth+}
   (You bought it in a shop on level 3 of the Vaults)

   [ring of ice]

   It enhances your ice magic.
   It affects your intelligence (+2).
   It makes you vulnerable to fire.
   It protects you from cold.
   It insulates you from electricity.
   It makes you more stealthy.
 E - the ring of Vuheb (right tentacle) {rC+ rN+ MP+9 Int+3 Dex+4}
   (You took it off a deep elf master archer on level 3 of the Elven Halls)

   [ring of magical power]

   It affects your intelligence (+3).
   It affects your dexterity (+4).
   It protects you from cold.
   It protects you from negative energy.
   It affects your magic capacity (+9).
 L - the amulet "Okomy" (around mantle) {Reflect rC+ SH+6}
   (You found it on level 5 of the Pits of Slime)

   [amulet of reflection]

   It shields you and reflects attacks.
   It protects you from cold.
   It affects your SH (+6).
 M - the ring "Wukkyf" {Fire rElec rPois Dex+6}
   (You took it off a frost giant on level 3 of the Depths)

   [ring of fire]

   It enhances your fire magic.
   It affects your dexterity (+6).
   It protects you from fire.
   It makes you vulnerable to cold.
   It insulates you from electricity.
   It protects you from poison.
 P - the ring of Giusyux (left tentacle) {rElec rN++ Stlth+}
   (You found it on level 5 of the Depths)

   [ring of stealth]

   It insulates you from electricity.
   It greatly protects you from negative energy.
   It makes you more stealthy.
 Q - a +3 ring of evasion (on tentacle)
 T - the ring of Abroner (on tentacle) {rF+ MR+}
   (You found it on level 5 of the Lair of Beasts)

   [ring of protection from magic]

   It protects you from fire.
   It affects your resistance to hostile enchantments.
 W - a +5 ring of protection (on tentacle)
Wands
 l - a wand of clouds (16)
 q - a wand of enslavement (42)
 s - a wand of iceblast (15)
 t - a wand of acid (21)
 J - a wand of digging (2)
 V - a wand of paralysis (36)
 Y - a wand of scattershot (12)
Scrolls
 j - 6 scrolls of fear
 o - 9 scrolls of blinking
 r - 4 scrolls of fog
 x - 17 scrolls of teleportation {@r3}
 A - 3 scrolls of magic mapping
 D - 4 scrolls of holy word
 U - 2 scrolls of identify {@r1}
 Z - 5 scrolls of summoning
Potions
 b - 2 potions of lignification
 e - 10 potions of might
 p - 18 potions of heal wounds
 v - 8 potions of brilliance
 w - 16 potions of haste
 z - 5 potions of mutation
 B - 4 potions of magic
 G - 3 potions of cancellation
 H - 2 potions of resistance
 K - a potion of invisibility
 R - 4 potions of ambrosia
 S - 30 potions of curing {@q1}
 X - 7 potions of agility
Miscellaneous
 g - 4 sacks of spiders
 I - a phial of floods
 O - 3 boxes of beasts
Comestibles
 d - 61 rations


   Skills:
 - Level 22.0(27) Fighting
 - Level 17.4(23.0) Axes
   Level 8.4(18.9) Polearms
 - Level 2.0(7.0) Throwing
 + Level 17.7(22.7) Dodging
 * Level 14.2(19.2) Stealth
 - Level 20.0(25.0) Shields
 - Level 12.0 Spellcasting
 - Level 12.9 Hexes
 - Level 7.0 Charms
 - Level 13.0 Summonings
 - Level 5.0 Necromancy
 - Level 5.0 Translocations
 - Level 3.0 Transmutations
 - Level 5.0 Air Magic
 - Level 3.0 Earth Magic
 - Level 9.0 Invocations
 * Level 17.9 Evocations


You had one spell level left.
You knew the following spells:

 Your Spells              Type           Power        Failure   Level  Hunger
a - Summon Butterflies    Summ           ######..     1%          1    None
b - Blink                 Tloc           N/A          1%          2    None
c - Summon Lightning Spi  Summ/Air       #####...     1%          4    #......
d - Animate Dead          Necr           N/A          7%          4    #......
e - Aura of Abjuration    Summ           ######....   1%          5    ####...
f - Regeneration          Chrm/Necr      #####.....   1%          3    None
g - Summon Mana Viper     Hex/Summ       ######..     1%          5    ####...
h - Confusing Touch       Hex            ######       1%          1    None
i - Silence               Hex/Air        #####.....   4%          5    ####...
j - Deflect Missiles      Chrm/Air       #####.....   58%         6    ######.
k - Passwall              Tmut/Erth      ###.....     2%          2    None
l - Shadow Creatures      Summ           N/A          4%          6    ######.
m - Summon Forest         Summ/Tloc      #####.....   3%          5    ####...

Your spell library contained the following spells:

 Spells                   Type           Power        Failure   Level  Hunger
 Animate Skeleton         Necr           N/A          1%          1    None
 Beastly Appendage        Tmut           ###...       1%          1    None
 Corona                   Hex            ######.      1%          1    None
 Infusion                 Chrm           ####         1%          1    None
 Pain                     Necr           ####         1%          1    None
 Sandblast                Erth           ###...       1%          1    None
 Summon Small Mammal      Summ           ####         1%          1    None
 Flame Tongue             Conj/Fire      ##...        5%          1    None
 Magic Dart               Conj           ##..         5%          1    None
 Sting                    Conj/Pois      ##..         5%          1    None
 Call Imp                 Summ           ######..     1%          2    None
 Corpse Rot               Necr           N/A          1%          2    None
 Ensorcelled Hibernation  Hex/Ice        #####.       1%          2    None
 Shroud of Golubria       Chrm/Tloc      #####.       1%          2    None
 Slow                     Hex            ######..     1%          2    None
 Song of Slaying          Chrm           #####...     1%          2    None
 Sublimation of Blood     Necr           ####......   1%          2    None
 Swiftness                Chrm/Air       #####...     1%          2    None
 Call Canine Familiar     Summ           ######..     1%          3    None
 Confuse                  Hex            ######..     1%          3    None
 Dazzling Spray           Conj/Hex       #####.       1%          3    None
 Inner Flame              Hex/Fire       #####...     1%          3    None
 Portal Projectile        Hex/Tloc       #####.       1%          3    None
 Recall                   Summ/Tloc      N/A          1%          3    None
 Spectral Weapon          Hex/Chrm       ######..     1%          3    None
 Summon Guardian Golem    Hex/Summ       ######..     1%          3    None
 Tukima's Dance           Hex            ######..     1%          3    None
 Cause Fear               Hex            ######....   1%          4    #......
 Summon Demon             Summ           ######....   1%          5    ####...
 Sticks to Snakes         Tmut           ###.....     2%          2    None
 Gell's Gravitas          Tloc           ####......   2%          3    None
 Vampiric Draining        Necr           ####......   2%          3    None
 Leda's Liquefaction      Hex/Erth       #####.....   2%          4    #......
 Poisonous Vapours        Pois/Air       ###...       3%          2    None
 Summon Ice Beast         Ice/Summ       #####...     3%          4    #......
 Fulminant Prism          Conj/Hex       #####.....   4%          4    #......
 Yara's Violent Unravell  Hex/Tmut       #####.....   6%          5    ####...
 Searing Ray              Conj           ##....       9%          2    None
 Mephitic Cloud           Conj/Pois/Air  ###.....     9%          3    None
 Spider Form              Tmut/Pois      ###.......   9%          3    None
 Stone Arrow              Conj/Erth      ###...       9%          3    None
 Ignite Poison            Fire/Tmut/Pois ###.....     11%         3    None
 Metabolic Englaciation   Hex/Ice        #####.....   11%         5    ####...
 Excruciating Wounds      Chrm/Necr      #####.....   13%         5    ####...
 Petrify                  Tmut/Erth      ###.....     16%         4    #......
 Conjure Flame            Conj/Fire      ##......     17%         3    None
 Force Lance              Conj/Tloc      ###.....     21%         4    #......
 Agony                    Necr           ####....     21%         5    ####...
 Dispel Undead            Necr           ####....     21%         5    ####...
 Summon Hydra             Summ           ######....   22%         7    #######
 Ice Form                 Ice/Tmut       ###.....     30%         4    #......
 Iskenderun's Battlesphe  Conj/Chrm      ####....     36%         5    ####...
 Blade Hands              Tmut           ###.......   41%         5    ####...
 Lee's Rapid Deconstruct  Erth           ###.......   41%         5    ####...
 Iskenderun's Mystic Bla  Conj           ##......     50%         4    #......
 Olgreb's Toxic Radiance  Pois           ##......     50%         4    #......
 Throw Icicle             Conj/Ice       ##......     50%         4    #......
 Bolt of Draining         Conj/Necr      ###.......   50%         5    ####...
 Alistair's Intoxication  Tmut/Pois      ###.....     63%         5    ####...
 Irradiate                Conj/Tmut      ###.......   63%         5    ####...
 Bolt of Magma            Conj/Fire/Erth ###.......   71%         5    ####...
 Dispersal                Tloc           ####......   73%         6    ######.
 Fireball                 Conj/Fire      ##........   83%         5    ####...
 Venom Bolt               Conj/Pois      ##........   83%         5    ####...
 Discord                  Hex            ######....   88%         8    #######
 Hydra Form               Tmut           ###.......   94%         6    ######.
 Statue Form              Tmut/Erth      ###......    94%         6    ######.
 Conjure Ball Lightning   Conj/Air       ###.......   97%         6    ######.
 Simulacrum               Ice/Necr       ###.......   97%         6    ######.
 Spellforged Servitor     Conj/Summ      #####.....   97%         7    #######
 Freezing Cloud           Conj/Ice/Air   ###.......   99%         6    ######.
 Iron Shot                Conj/Erth      ###.......   99%         6    ######.
 Bolt of Cold             Conj/Ice       ##........   100%        6    ######.
 Ozocubu's Refrigeration  Ice            ##........   100%        6    ######.
 Dragon Form              Tmut           ###.......   100%        7    #######
 Orb of Destruction       Conj           ##........   100%        7    #######
 Shatter                  Erth           ###.......   100%        9    #######
 Tornado                  Air            ####......   100%        9    #######


Dungeon Overview and Level Annotations

Branches:
Dungeon (15/15)            Temple (0/1) D:6            Lair (6/6) D:8
  Swamp (4/4) Lair:3       Spider (4/4) Lair:4        Slime (5/5) Lair:6
    Orc (2/2) D:12            Elf (3/3) Orc:2        Vaults (4/5) D:14
  Crypt (0/3) Vaults:2     Depths (5/5) D:15            Zot (5/5) Depths:5
  Sewer (visited)         Gauntlet (visited)

Altars:
Cheibriados
Dithmenos
Elyvilon
Gozag
Nemelex Xobeh
Okawaru
Ru
Sif Muna
Uskayaw
Vehumet
Wu Jian
Yredelemnul
Zin
The Shining One
Jiyva

Shops:
D:7 [}([[   D:8 }   D:9 :   D:11 !   D:14 [   D:15 !   Orc:1 *   Orc:2 [:[?}
Elf:3 :   Vaults:3 *(*   Vaults:4 (

Portals:
Hell: Depths:1 Depths:2 Depths:3 Depths:4 Depths:5
Abyss: Depths:2 Depths:4 Depths:5
Pandemonium: Depths:3

Annotations:
D:9 1 runed translucent door
Zot:5 1 exclusion


Innate Abilities, Weirdness & Mutations

You cannot wear most types of armour.
You are very stealthy in the water. (Stealth+)
You are amphibious.
You can wear up to eight rings at the same time.
You can use your tentacles to constrict eight enemies at once.
Your skin changes colour to match your surroundings (Stealth+).
Your rubbery body absorbs attacks. (AC +1, EV +1)
One of your tentacles bears a spike.
You are agile. (Dex +2)
You possess an exceptional clarity of mind.
You are covered in fur. (AC +1)


Message History

You gain the combat prowess of a mighty hero.
You block the Orb Guardian's attack. x2
You slice the Orb Guardian!! You freeze the Orb Guardian!
You pierce the Orb Guardian, but do no damage.
You squeeze the Orb Guardian, but do no damage.
The Orb Guardian completely misses you.
You slice the Orb Guardian!! You freeze the Orb Guardian.
You pierce the Orb Guardian, but do no damage.
The Orb Guardian hits you!
You slice the Orb Guardian!! You freeze the Orb Guardian.
You kill the Orb Guardian!
Okawaru accepts your kill.
Aiming: Dig A rock wall.
This square is covered in magical glow.
The rock shatters into small pieces.
You see here a chain mail.
Why would you want to do that?
There is a staircase leading out of the dungeon here.
You have escaped!

..........# ####.###...## #.#
.################.####...#####.#
.#....#.#.#≈...#...§.≈...##....#
.#..#..#.....#..#...>....##.#####
.#.#####.≈####.##≈≈≈≈............
.##.#.#.###.#.#[.#####.#####.###.
.#.#.#.#...#.##.≈#####.........#.
.#≈#≈####.###....##.##....[..#.#.
.##.##.#.####...@#.#.#.#######.#.
.###..≈#.#..######.#.#.#.......#.
....##..#.#...#..#.###.#.#..#..#.
.###§§.##.####.##.####.#.####..#.
.##≈§§.###...##≈.##.##.........#.
.##..#..#.###..#..#.##.........#.
...##...##..##..##.###.........#.
.#################.####.###.####.
...#..........)............÷.....


There were no monsters in sight!

Vanquished Creatures
  the Royal Jelly (Slime:5)
  The ghost of Miutz the Metallomancer, a master GrEE of Vehumet (Depths:3)
  4 ancient liches
  3 orbs of fire (Zot:5)
  A juggernaut (Depths:2)
  A greater mummy (Depths:3)
  The ghost of Emok the Fencer, a veteran BaIE of Cheibriados (Depths:5)
  11 Killer Klowns
  Xtahua (Depths:3)
  A curse toe (Zot:1)
  A caustic shrike (Depths:4)
  Nikola (Depths:1)
  A golden dragon (Zot:4)
  Arachne (Spider:2)
  A Brimstone Fiend (D:15)
  2 electric golems (Zot:5)
  5 tentacled monstrosities
  24 Orb Guardians
  2 Ice Fiends
  7 quicksilver dragons
  2 liches
  A titan (Zig:2)
  Asterion (Spider:2)
  2 deep elf blademasters
  The ghost of Taocaav the Crack Shot, an adept CeHu of Okawaru (Spider:1)
  2 deep elf master archers (Elf:3)
  5 acid blobs
  An ancient champion (Zig:3)
  5 death cobs
  Gastronok (Orc:1)
  Frances (D:12)
  9 sphinxes
  5 storm dragons
  A thorn hunter (Swamp:4)
  A shadow dragon (shapeshifter) (Zig:5)
  2 shadow dragons (Depths:5)
  3 tengu reavers
  Roxanne (Swamp:2)
  2 draconian monks (Depths:5)
  10 fire giants
  A revenant (Zig:3)
  5 ghost moths
  6 deep elf sorcerers
  6 azure jellies
  5 emperor scorpions (Spider:4)
  11 vault wardens
  6 frost giants
  3 draconian knights
  An iron dragon (Depths:4)
  A draconian stormcaller (Zot:4)
  A spriggan defender (Depths:4)
  The ghost of Gosau the Carver, a journeyman DsGl of Makhleb (D:15)
  A curse skull (Vaults:2)
  4 deep elf elementalists
  A draconian shifter (Zot:4)
  A cacodemon (D:4)
  3 draconian scorchers
  10 ironheart preservers
  A ghoul (Vaults:2)
  A spectral juggernaut (Depths:5)
  20 very ugly things
  The ghost of Wairalebb the Basher, a journeyman BaFi of Cheibriados (Lair:4)
  2 draconian annihilators (Zot:1)
  11 stone giants
  4 entropy weavers
  A reaper (Zig:3)
  3 vampire knights
  4 green draconians
  15 deep elf annihilators
  2 black draconians
  9 deep elf demonologists
  5 purple draconians
  A spectral titan (Depths:5)
  The ghost of Winsalot the Fighter, a journeyman HuFi of Makhleb (Lair:5)
  5 white draconians
  2 yellow draconians (Zot:1)
  5 dire elephants (Lair:6)
  A red draconian (Zot:2)
  8 spark wasps
  An eidolon (Vaults:2)
  A merfolk javelineer (Zig:4)
  13 ettins
  3 crystal guardians (Vaults:4)
  2 mummy priests (Depths:3)
  7 deep elf death magi
  A blizzard demon (Depths:3)
  9 fire dragons
  6 death oozes (Slime:5)
  A jiangshi (Depths:4)
  5 deep elf high priests
  11 great orbs of eyes
  11 vault guards
  A spectral shadow dragon (Depths:4)
  25 hydras
  8 yaktaur captains
  A juggernaut simulacrum (Depths:3)
  Fannar (D:10)
  11 ice dragons
  A spectral tengu (Depths:4)
  A caustic shrike simulacrum (Depths:5)
  2 ghost crabs
  2 hell beasts
  7 rakshasas
  4 spriggan air magi
  4 death knights
  An anaconda (Lair:6)
  A two-headed ogre (shapeshifter) (Depths:5)
  3 shambling mangroves
  Erica (D:10)
  10 centaur warriors
  25 dancing weapons
  8 deep troll shamans
  11 alligators
  A queen ant (Lair:3)
  4 tengu warriors
  10 ogre magi
  13 two-headed ogres
  10 deep troll earth magi
  A spectral elf (Depths:5)
  3 vampire magi (Depths:4)
  3 orc high priests
  5 spriggan berserkers
  5 death yaks (Lair:2)
  6 hell knights (Depths:2)
  5 iron trolls
  2 sun demons
  24 deep elf knights
  2 skeletal warriors
  2 sixfirhies
  2 shadow wraiths (Vaults:4)
  A death drake (Swamp:2)
  7 glowing orange brains
  2 spark wasp zombies (Depths:4)
  An infernal demonspawn (Depths:3)
  A shadow demon (Depths:3)
  6 wizards
  26 deep trolls
  5 spriggan druids
  A spectral iron dragon (Depths:5)
  5 unseen horrors
  6 spectral hydras (Swamp:2)
  20 deep elf archers
  A swamp dragon (shapeshifter) (Depths:4)
  10 swamp dragons
  A flayed ghost (D:15)
  A sea snake (Zig:4)
  3 lindwurms (Swamp:4)
  6 necromancers
  An orange crystal statue (Zot:5)
  10 ironbrand convokers
  A lindwurm (shapeshifter) (D:15)
  3 phantasmal warriors
  An orb spider (shapeshifter) (Vaults:3)
  13 harpies
  9 orc knights
  100 deep elf magi
  A tengu skeleton (Vaults:4)
  60 ugly things
  9 orc sorcerers
  A harpy (shapeshifter) (D:15)
  16 orb spiders
  A sphinx skeleton (Vaults:4)
  24 wolf spiders
  15 elephants
  A moth of wrath (shapeshifter) (Vaults:3)
  8 manticores
  2 shining eyes (Slime:5)
  9 moths of wrath
  Joseph (D:10)
  6 cyclopes
  A fire giant zombie (D:15)
  A water nymph (Zig:4)
  An ice statue (Gauntlet)
  5 centaur zombies
  3 black mambas
  2 eyes of devastation (Slime:5)
  2 guardian serpents (D:14)
  An apocalypse crab (Zig:5)
  A fire giant skeleton (Vaults:3)
  A gargoyle (D:11)
  2 water nymphs (shapeshifter) (Depths:4)
  23 spiny frogs
  7 vault sentinels
  An orange demon (D:4)
  A yaktaur zombie (Vaults:3)
  5 spectral swamp worms (Depths:2)
  3 torpor snails
  6 rime drakes
  8 swamp worm zombies (Swamp:2)
  14 demonic crawlers
  4 ice devils (Depths:3)
  A spark wasp simulacrum (Depths:3)
  An efreet (D:14)
  6 freezing wraiths
  A yaktaur (shapeshifter) (D:15)
  40 yaktaurs
  3 kobold demonologists (D:9)
  3 tengu conjurers
  A golden dragon simulacrum (Depths:5)
  A yaktaur skeleton (Vaults:3)
  6 trolls
  2 guardian mummies (Depths:3)
  2 trolls (shapeshifter)
  7 komodo dragons
  27 jumping spiders
  5 merfolk (Zig:4)
  A tengu simulacrum (Depths:5)
  2 shadow dragon simulacra
  21 hornets
  A polar bear (Lair:4)
  11 tyrant leeches
  23 blink frogs
  A wind drake (shapeshifter) (Depths:1)
  2 blink frogs (shapeshifter)
  A dream sheep (Lair:6)
  80 slime creatures
  A snapping turtle (Zig:4)
  14 bog bodies
  5 large abominations
  8 hippogriffs
  A meliai zombie (D:13)
  2 raiju (shapeshifter)
  A hippogriff (shapeshifter) (Vaults:3)
  Grinder (D:5)
  A snapping turtle (shapeshifter) (Depths:4)
  A fire giant simulacrum (Depths:3)
  2 air elementals
  59 redbacks
  11 flying skulls (Gauntlet)
  Sigmund (D:5)
  An alligator zombie (Swamp:2)
  25 tarantellas
  58 yaks
  3 shadows
  2 yaks (shapeshifter)
  9 spriggans
  A spriggan (shapeshifter) (Elf:2)
  6 water elementals
  2 fire elementals
  5 wyverns
  3 hogs (shapeshifter)
  5 wraiths
  A human (shapeshifter) (Vaults:4)
  2 vampires
  A basilisk (shapeshifter) (D:15)
  3 golden eyes (Slime:5)
  6 chaos spawn
  6 basilisks
  A yaktaur simulacrum (Vaults:2)
  13 vampire mosquitoes
  Menkaure (D:5)
  4 hungry ghosts
  A swamp worm (shapeshifter) (Depths:3)
  2 human simulacra (Vaults:3)
  A steam dragon (D:11)
  7 wargs
  A tengu zombie (D:15)
  15 swamp worms
  3 acid dragons
  A hell hound (Elf:1)
  Edmund (D:4)
  3 small abominations (Depths:5)
  8 soldier ants
  11 water moccasins
  6 spiny frog zombies (Swamp:2)
  10 porcupines
  Purgy (Sewer)
  5 sky beasts
  2 floating eyes
  An ice beast (shapeshifter) (D:15)
  A meliai simulacrum (D:15)
  31 orc warriors
  12 swamp drakes
  4 ice beasts
  A black bear (Lair:2)
  2 eyes of draining
  3 spriggan simulacra
  2 phantoms
  2 black bears (shapeshifter)
  An eye of draining (shapeshifter) (Vaults:3)
  3 necrophages
  24 ogres
  8 boggarts
  37 wolves
  12 centaurs
  An elf skeleton (Vaults:4)
  15 crocodiles
  A big kobold (shapeshifter) (Elf:3)
  24 bullfrogs
  4 big kobolds
  An earth elemental (Elf:1)
  A human skeleton (Vaults:4)
  A water moccasin zombie (D:10)
  3 scorpions
  2 troll zombies (Swamp:2)
  6 killer bees (D:7)
  A spriggan zombie (Swamp:2)
  3 elf simulacra
  11 wights
  A howler monkey (D:13)
  7 crimson imps
  5 hounds
  2 quasits
  2 bullfrog zombies
  28 orc priests
  A gnoll shaman (D:3)
  A bullfrog skeleton (D:5)
  8 centaur skeletons
  An iron imp (D:6)
  32 orc wizards
  Ijyb (D:3)
  A worker ant (shapeshifter) (Elf:3)
  10 iguanas
  4 hell rats
  40 worker ants
  2 hound skeletons
  The ghost of glosham the Ducker, a weakling FeBe of Trog (D:3)
  2 mummies (Depths:3)
  2 worker ant zombies
  A howler monkey skeleton (D:9)
  13 gnolls
  13 adders
  14 river rats
  5 shadow imps
  2 oozes
  2 adder skeletons
  3 adder zombies (D:5)
  4 worms
  2 dart slugs
  8 leopard geckos
  85 orcs
  A ball python (shapeshifter) (Elf:1)
  4 giant cockroaches
  6 goblins
  6 hobgoblins
  18 jackals
  4 quokkas
  4 ball pythons
  A ball python skeleton (D:4)
  10 bats
  5 frilled lizards
  A giant cockroach zombie (D:5)
  21 kobolds
  A leopard gecko skeleton (D:5)
  A leopard gecko zombie (D:7)
  29 rats
  3 crawling corpses (Depths:4)
  5 plants
  A withered plant (Swamp:2)
2314 creatures vanquished.

Vanquished Creatures (collateral kills)
  A lich (Depths:2)
  An Ice Fiend (Depths:3)
  A titan (Depths:2)
  2 Orb Guardians (Zot:5)
  2 acid blobs
  A sphinx (Depths:3)
  A frost giant (Depths:2)
  A fire giant (Depths:4)
  A draconian knight (Zot:1)
  An iron dragon (Depths:4)
  A stone giant (Depths:2)
  4 very ugly things
  A purple draconian (Depths:5)
  2 vampire knights
  A red draconian (Zot:1)
  A minotaur (Gauntlet)
  2 fire dragons
  2 mummy priests (Depths:3)
  2 great orbs of eyes
  2 rakshasas (Depths:4)
  2 ice dragons
  A spriggan air mage (Depths:5)
  A centaur warrior (Depths:1)
  2 two-headed ogres (Depths:2)
  A deep troll earth mage (Depths:3)
  A tengu warrior (Depths:1)
  2 spriggan berserkers (Depths:5)
  2 deep trolls
  A quicksilver dragon simulacrum (Depths:3)
  A glowing orange brain (Depths:3)
  A wizard (Depths:1)
  3 shining eyes
  A large abomination (Depths:5)
  A spark wasp simulacrum (Depths:3)
  3 yaktaurs
  3 slime creatures
  A chaos spawn (Depths:5)
  2 golden eyes (Slime:5)
  2 eyes of draining
  An elf simulacrum (Depths:5)
62 creatures vanquished.

Vanquished Creatures (others)
  A deep elf master archer (Depths:4)
  3 yaktaur captains
  A two-headed ogre (Depths:2)
  A deep troll earth mage (Depths:4)
  A deep elf knight (Vaults:3)
  A sun demon (D:6)
  An apocalypse crab (Zig:5)
  6 yaktaurs
  A redback (Spider:2)
  A soldier ant (shapeshifter) (Depths:4)
  A swamp drake (Swamp:4)
  A boggart (Depths:4)
  An eye of draining (D:6)
  An ogre (Depths:2)
  An orc priest (D:9)
  An adder (D:6)
  A hobgoblin (D:1)
  3 briar patches (Swamp:4)
  6 fungi
  15 plants
48 creatures vanquished.

Grand Total: 2424 creatures vanquished

Notes
Turn   | Place    | Note
-------+----------+-------------------------------------------
     0 | D:1      | iamserjio the Octopode Arcane Marksman began the quest for
                  | the Orb.
     0 | D:1      | Reached XP level 1. HP: 13/13 MP: 2/2
   358 | D:1      | Reached XP level 2. HP: 10/19 MP: 3/3
   563 | D:1      | Reached skill level 2 in Fighting
  1085 | D:1      | Reached skill level 1 in Stealth
  1333 | D:1      | Reached XP level 3. HP: 11/24 MP: 4/4
  2164 | D:1      | Learned a level 2 spell: Slow
  2910 | D:2      | Reached XP level 4. HP: 29/29 MP: 5/5
  3070 | D:2      | Reached skill level 1 in Shields
  3348 | D:3      | Found a white marble altar of Elyvilon.
  3385 | D:3      | Reached XP level 5. HP: 29/35 MP: 3/6
  3538 | D:3      | Identified the +4 spear of the Spectre {vamp, MR+ SInv}
  3539 | D:3      | Noticed glosham's ghost (weakling FeBe)
  3630 | D:3      | Noticed Ijyb
  3656 | D:3      | Found a transporter.
  3736 | D:3      | Killed Ijyb
  3736 | D:3      | Reached skill level 3 in Fighting
  4283 | D:3      | Noticed a sky beast
  4352 | D:3      | Found a transporter.
  4842 | D:4      | Noticed an ogre
  4889 | D:4      | Found a glowing drain.
  4952 | Sewer    | Entered a sewer
  5009 | Sewer    | Noticed Purgy
  6035 | Sewer    | Killed Purgy
  6035 | Sewer    | Reached skill level 4 in Fighting
  6035 | Sewer    | Reached XP level 6. HP: 43/43 MP: 7/7
  6292 | D:4      | Reached XP level 7. HP: 49/49 MP: 8/8
  6438 | D:4      | Noticed Edmund
  6451 | D:4      | Killed Edmund
  6451 | D:4      | Reached skill level 5 in Fighting
  6598 | D:4      | Found a sacrificial altar of Ru.
  6885 | D:4      | Found a snail-covered altar of Cheibriados.
  7147 | D:5      | Entered Level 5 of the Dungeon
  8230 | D:5      | Noticed Grinder
  8647 | D:5      | Noticed Sigmund
  8661 | D:5      | Killed Sigmund
  8661 | D:5      | Reached XP level 8. HP: 40/57 MP: 9/9
  8878 | D:5      | Reached skill level 6 in Fighting
  9638 | D:5      | Reached skill level 5 in Dodging
  9810 | D:5      | Noticed Menkaure
 10097 | D:5      | Killed Menkaure
 10127 | D:5      | Found a sparkling altar of Nemelex Xobeh.
 10284 | D:6      | Found an iron altar of Okawaru.
 10658 | D:6      | Became a worshipper of Warmaster Okawaru
 10885 | D:6      | Identified the amulet "Cenatone" {Acrobat rC+}
 10976 | D:6      | Reached skill level 1 in Invocations
 10985 | D:6      | Reached skill level 7 in Fighting
 11136 | D:6      | Found a snail-covered altar of Cheibriados.
 11188 | D:6      | Reached XP level 9. HP: 56/64 MP: 10/10
 11569 | D:6      | Found a staircase to the Ecumenical Temple.
 11768 | D:6      | Learned a level 4 spell: Cause Fear
 11834 | D:7      | Found Siekloom's Armour Emporium.
 11840 | D:7      | Bought a +1 hat for 121 gold pieces
 11954 | D:7      | Found Hineuty's Gadget Emporium.
 11961 | D:7      | Bought a wand of iceblast (5) for 126 gold pieces
 12519 | D:7      | Found Uroob's Antique Weapon Emporium.
 12698 | D:7      | Reached * piety under Okawaru
 12740 | D:7      | Found Huvukiyl's Armour Shoppe.
 13797 | D:7      | Found Puonk's Armour Boutique.
 14151 | D:7      | Learned a level 2 spell: Sticks to Snakes
 14332 | D:4      | Reached skill level 8 in Fighting
 14617 | D:3      | Reached skill level 1 in Evocations
 14881 | D:3      | Killed glosham's ghost
 14881 | D:3      | Reached skill level 1 in Polearms
 15092 | D:8      | Reached XP level 10. HP: 72/72 MP: 13/13
 15113 | D:7      | Reached ** piety under Okawaru
 15484 | D:8      | Reached skill level 1 in Axes
 15777 | D:7      | Reached *** piety under Okawaru
 15880 | D:8      | Found a staircase to the Lair.
 16123 | D:8      | Found Kuarem's Gadget Boutique.
 16129 | D:8      | Bought a wand of paralysis (11) for 182 gold pieces
 16247 | D:9      | Noticed a two-headed ogre
 16349 | D:8      | Reached skill level 5 in Polearms
 16369 | D:9      | Found a hide-covered altar of Uskayaw.
 16397 | D:9      | Found a hide-covered altar of Uskayaw.
 16398 | D:9      | Found a glowing golden altar of the Shining One.
 16506 | D:9      | Reached skill level 5 in Shields
 16573 | D:9      | Killed a two-headed ogre
 16573 | D:9      | Reached **** piety under Okawaru
 16573 | D:9      | Reached skill level 5 in Evocations
 16573 | D:9      | Reached XP level 11. HP: 78/78 MP: 14/14
 16683 | D:9      | Found a glowing silver altar of Zin.
 16684 | D:9      | Found a runed translucent door.
 16684 | D:9      | Noticed an angel
 16696 | D:9      | Reached skill level 9 in Fighting
 16702 | D:9      | Found a transporter.
 16705 | D:9      | Noticed an orc sorcerer
 16727 | D:9      | Noticed an orc high priest
 16758 | D:9      | Found Vyigar's Book Shoppe.
 16808 | D:9      | Found a transporter.
 16871 | D:9      | Found an ornate altar of the Wu Jian Council.
 16948 | D:9      | Noticed an orc sorcerer
 17272 | D:10     | Entered Level 10 of the Dungeon
 17278 | D:10     | Noticed Fannar
 17363 | D:10     | Killed Fannar
 17363 | D:10     | Reached skill level 5 in Invocations
 17691 | D:10     | Got a crude long sword
 17876 | D:10     | Got a heavily runed glass ring
 18004 | D:10     | Noticed Erica
 18023 | D:10     | Noticed Joseph
 18035 | D:10     | Killed Joseph
 18065 | D:10     | Reached ***** piety under Okawaru
 18255 | D:10     | Noticed an unseen horror
 18267 | D:10     | Killed an unseen horror
 18289 | D:10     | Identified the ring of Asear {Dex+3 Stlth+} (You found it
                  | on level 10 of the Dungeon)
 18294 | D:10     | Learned a level 3 spell: Mephitic Cloud
 18358 | D:10     | Killed Erica
 18623 | D:5      | Killed Grinder
 18898 | D:6      | Found the +2 ratskin cloak {+Rats rPois rN+ Str-1 Int-1
                  | Dex+1}
 19155 | D:11     | Received a gift from Okawaru
 19158 | D:11     | Got a brightly glowing hat {god gift}
 19178 | D:11     | Found a gate leading to a gauntlet.
 19214 | Gauntlet | Entered a Gauntlet
 19214 | Gauntlet | Found a transporter.
 19214 | Gauntlet | Found a transporter.
 19230 | Gauntlet | Identified the +0 hat "Odecuat" {*Drain rPois Dex+4 SInv}
                  | (Okawaru gifted it to you on level 11 of the Dungeon)
 19234 | Gauntlet | Found a transporter.
 19234 | Gauntlet | Found a transporter.
 19243 | Gauntlet | Found a transporter.
 19261 | Gauntlet | Noticed a moth of wrath
 19262 | Gauntlet | Found a transporter.
 19272 | Gauntlet | Found a transporter.
 19272 | Gauntlet | Found a transporter.
 19272 | Gauntlet | Noticed a wretched star
 19276 | Gauntlet | Found a transporter.
 19282 | Gauntlet | Found a transporter.
 19290 | Gauntlet | Found a transporter.
 19290 | Gauntlet | Noticed a salamander
 19290 | Gauntlet | Noticed a manticore
 19290 | Gauntlet | a salamander changed into a manticore
 19295 | Gauntlet | a manticore changed into a wind drake
 19322 | Gauntlet | Noticed an orb spider
 19322 | Gauntlet | a jumping spider changed into an orb spider
 19331 | Gauntlet | an orb spider changed into a wind drake
 19332 | Gauntlet | Noticed an orb spider
 19332 | Gauntlet | a wind drake changed into an orb spider
 19338 | Gauntlet | Found a transporter.
 19339 | Gauntlet | an orb spider changed into a golden eye
 19355 | Gauntlet | Noticed a cyclops
 19355 | Gauntlet | a snapping turtle changed into a cyclops
 19357 | Gauntlet | a cyclops changed into a merfolk
 19384 | Gauntlet | Found a transporter.
 19397 | Gauntlet | Noticed an obsidian statue
 19398 | Gauntlet | Found a transporter.
 19429 | Gauntlet | Noticed a glowing orange brain
 19500 | Gauntlet | Found a transporter.
 19502 | Gauntlet | Noticed a spectral death yak
 19514 | Gauntlet | Found a transporter.
 19514 | Gauntlet | Noticed a death scarab
 19519 | Gauntlet | Noticed a death scarab
 19654 | Gauntlet | Identified a scroll of acquirement
 19655 | Gauntlet | Got a fine turquoise ring
 19656 | Gauntlet | Identified the ring of Defoenga {rPois AC+2 Str+6 Dex-5}
                  | (You acquired it in a Gauntlet)
 19684 | Gauntlet | Reached skill level 10 in Fighting
 19750 | Gauntlet | Got a sparkling lapis lazuli ring
 19757 | Gauntlet | Identified the ring "Suylicea" {rF+ SInv Stlth+} (You found
                  | it in a Gauntlet)
 19811 | Gauntlet | Killed a moth of wrath
 19811 | Gauntlet | Reached XP level 12. HP: 87/87 MP: 16/16
 19993 | Gauntlet | Identified the +10 plate armour "Coaveun" {+Fly rElec rF+
                  | SInv}
 19993 | Gauntlet | Noticed a minotaur
 19994 | Gauntlet | Found the macabre finger necklace {rN+}
 20003 | Gauntlet | Killed a minotaur
 20023 | Gauntlet | Identified the cursed +1 long sword of Fil Cita {holy, rF+}
                  | (You found it on level 10 of the Dungeon)
 20113 | D:11     | Reached skill level 11 in Fighting
 20213 | D:11     | Reached skill level 10 in Dodging
 20445 | D:11     | Found Pashemea's Distillery.
 20454 | D:11     | Bought a potion of might for 60 gold pieces
 20454 | D:11     | Bought a potion of curing for 45 gold pieces
 20454 | D:11     | Bought a potion of curing for 45 gold pieces
 20454 | D:11     | Bought a potion of curing for 45 gold pieces
 20454 | D:11     | Bought a potion of brilliance for 60 gold pieces
 20931 | D:12     | Found a staircase to the Orcish Mines.
 20937 | D:12     | Noticed a death knight
 21367 | D:12     | Killed a death knight
 22141 | D:12     | Noticed a four-headed hydra
 22149 | D:12     | Killed a four-headed hydra
 22344 | D:12     | Reached skill level 10 in Shields
 22371 | D:12     | Noticed Frances
 22503 | Lair:1   | Entered Level 1 of the Lair of Beasts
 22609 | Lair:1   | Reached skill level 12 in Fighting
 22633 | Lair:1   | Reached XP level 13. HP: 95/97 MP: 18/18
 24015 | Lair:2   | Received a gift from Okawaru
 24281 | Lair:2   | Reached skill level 13 in Fighting
 24672 | Lair:2   | Received a gift from Okawaru
 27115 | Lair:3   | Received a gift from Okawaru
 27650 | Lair:3   | Reached skill level 14 in Fighting
 27654 | Lair:3   | Reached XP level 14. HP: 105/108 MP: 19/19
 27824 | Lair:3   | Found a staircase to the Swamp.
 28282 | D:8      | Bought a wand of scattershot (4) for 336 gold pieces
 29002 | Lair:4   | Found a hole to the Spider Nest.
 29436 | Lair:4   | Found a runed translucent door.
 29436 | Lair:4   | Noticed Wairalebb's ghost (journeyman BaFi)
 30071 | Lair:5   | Found a runed translucent door.
 30076 | Lair:5   | Identified the cursed +1 spear of the Equator {flame,
                  | *Noise Int+4 SInv}
 30079 | Lair:5   | Noticed Winsalot's ghost (journeyman HuFi)
 30157 | Lair:5   | Got a smoking granite ring
 30497 | Lair:5   | Received a gift from Okawaru
 30500 | Lair:5   | Identified the ring of Abroner {rF+ MR+} (You found it on
                  | level 5 of the Lair of Beasts)
 30806 | Lair:6   | Entered Level 6 of the Lair of Beasts
 30832 | Lair:6   | Learned a level 3 spell: Regeneration
 31028 | Lair:6   | Reached skill level 15 in Fighting
 31436 | Lair:6   | Found a viscous altar of Jiyva.
 31436 | Lair:6   | Found a staircase to the Slime Pits.
 31478 | Lair:6   | Reached XP level 15. HP: 115/116 MP: 21/21
 32339 | D:13     | Reached skill level 5 in Spellcasting
 32683 | D:13     | Found a snail-covered altar of Cheibriados.
 32683 | D:13     | Found a shadowy altar of Dithmenos.
 32959 | D:13     | Found a white marble altar of Elyvilon.
 32964 | D:13     | Found a shimmering blue altar of Sif Muna.
 33051 | D:13     | Reached skill level 16 in Fighting
 33240 | D:13     | Received a gift from Okawaru
 33334 | D:13     | Got a smoking spear {god gift}
 33455 | D:13     | Identified the +4 spear of Riguowama {pierce, +Inv Int+6
                  | Dex+5} (Okawaru gifted it to you on level 13 of the
                  | Dungeon)
 34120 | D:13     | Found a snail-covered altar of Cheibriados.
 34121 | D:13     | Found an iron altar of Okawaru.
 34289 | D:13     | Learned a level 1 spell: Summon Butterflies
 34730 | D:14     | Found Zacaarya's Armour Shop.
 34758 | D:14     | Found a gate to the Vaults.
 34834 | D:14     | Reached skill level 17 in Fighting
 34842 | D:14     | Received a gift from Okawaru
 34843 | D:14     | Found the +3 hat of Pondering {ponderous, MR+ MP+10 Int+5}
 35514 | D:14     | You fall into a shaft and drop 1 floor!
 35514 | D:15     | Entered Level 15 of the Dungeon
 35524 | D:15     | Found a transporter.
 35524 | D:15     | Noticed Gosau's ghost (journeyman DsGl)
 36161 | D:15     | Found a transporter.
 36596 | D:15     | Reached XP level 16. HP: 102/128 MP: 25/25
 36730 | D:15     | Found a staircase to the Depths.
 36746 | D:15     | Reached skill level 18 in Fighting
 36795 | D:15     | Found Ewasoh's Distillery.
 36800 | D:15     | Bought 2 potions of heal wounds for 130 gold pieces
 36800 | D:15     | Bought 2 potions of cancellation for 208 gold pieces
 36800 | D:15     | Bought a potion of resistance for 130 gold pieces
 37290 | Orc:1    | Entered Level 1 of the Orcish Mines
 37431 | Orc:1    | Found Pighih's General Store.
 37518 | Orc:1    | Noticed Gastronok
 37534 | Orc:1    | Killed Gastronok
 37534 | Orc:1    | Received a gift from Okawaru
 37541 | Orc:1    | Identified the +0 hat of the Wumpus {MR+ Str+2 Dex+4}
                  | (Okawaru gifted it to you on level 1 of the Orcish Mines)
 37584 | Orc:1    | Bought a scroll of teleportation for 42 gold pieces
 37740 | Orc:2    | Entered Level 2 of the Orcish Mines
 38297 | Orc:2    | Found Wicean's Armour Emporium.
 38606 | Orc:2    | Found Ymnaamn's Gadget Shoppe.
 38606 | Orc:2    | Found Ylaud's Book Emporium.
 38606 | Orc:2    | Found Unubac's Antique Armour Emporium.
 38629 | Orc:2    | Found Cinuttio's Magic Scroll Shoppe.
 38634 | Orc:2    | Bought a book of Minor Magic for 260 gold pieces
 38637 | Orc:2    | Learned a level 2 spell: Blink
 38664 | Orc:2    | Found a staircase to the Elven Halls.
 38717 | Orc:2    | Reached skill level 1 in Translocations
 39101 | Elf:1    | Entered Level 1 of the Elven Halls
 39133 | Orc:2    | Bought a wand of acid (7) for 396 gold pieces
 39133 | Orc:2    | Bought a wand of acid (9) for 468 gold pieces
 39170 | Elf:1    | Learned a level 5 spell: Summon Mana Viper
 39200 | Elf:1    | Found a radiant altar of Vehumet.
 39731 | Elf:1    | Learned a level 1 spell: Confusing Touch
 40043 | Elf:1    | Reached skill level 19 in Fighting
 40261 | Elf:1    | Received a gift from Okawaru
 40659 | Elf:1    | Noticed a sphinx
 40719 | Elf:1    | Noticed a sphinx
 41135 | Elf:1    | Killed a sphinx
 41135 | Elf:1    | Received a gift from Okawaru
 41135 | Elf:1    | Reached XP level 17. HP: 126/137 MP: 28/28
 41142 | Elf:1    | Killed a sphinx
 42099 | Elf:1    | Found a radiant altar of Vehumet.
 43342 | Lair:4   | Killed Wairalebb's ghost
 43480 | Lair:5   | Killed Winsalot's ghost
 43736 | Orc:2    | Bought a scroll of brand weapon for 360 gold pieces
 43736 | Orc:2    | Bought a scroll of fog for 36 gold pieces
 44218 | Elf:2    | Reached skill level 5 in Axes
 44688 | Elf:2    | Received a gift from Okawaru
 44847 | Elf:2    | Got a shimmering shield {god gift}
 44858 | Elf:2    | Identified the +0 shield "Suplul" {Str+2} (Okawaru gifted
                  | it to you on level 2 of the Elven Halls)
 46056 | Elf:2    | Found a huge runed translucent gate.
 46057 | Elf:2    | Found a huge runed translucent gate.
 46057 | Elf:2    | Found a huge runed translucent gate.
 46058 | Elf:2    | Found a huge runed translucent gate.
 46058 | Elf:2    | Found a huge runed translucent gate.
 47043 | Elf:2    | Reached skill level 15 in Shields
 47108 | Elf:2    | Reached skill level 10 in Axes
 47108 | Elf:2    | Reached skill level 5 in Translocations
 47238 | Elf:2    | Reached XP level 18. HP: 143/144 MP: 30/30
 47471 | Elf:2    | Noticed a deep elf blademaster
 47503 | Elf:2    | Killed a deep elf blademaster
 47784 | Elf:3    | Entered Level 3 of the Elven Halls
 47986 | Elf:3    | Reached ****** piety under Okawaru
 48079 | Elf:3    | Received a gift from Okawaru
 48363 | Elf:3    | Reached skill level 1 in Charms
 48365 | Elf:3    | Reached skill level 1 in Necromancy
 49307 | Elf:3    | Found Tiewiu's Book Boutique.
 50312 | Elf:3    | Identified the ring of Vuheb {rC+ rN+ MP+9 Int+3 Dex+4}
 50312 | Elf:3    | Noticed a deep elf master archer
 50337 | Elf:3    | Killed a deep elf master archer
 51392 | Elf:3    | Noticed a deep elf master archer
 51416 | Elf:3    | Killed a deep elf master archer
 51416 | Elf:3    | Received a gift from Okawaru
 51726 | Elf:3    | Received a gift from Okawaru
 52194 | Elf:3    | Identified the +3 double sword "Bosmiub" {pain, +Fly rElec
                  | Int+5 Stlth+}
 52603 | Elf:3    | Reached XP level 19. HP: 136/151 MP: 31/31
 52683 | Elf:3    | Received a gift from Okawaru
 53743 | Elf:3    | Identified the Compendium of Shifting Arcane Weapons
 53750 | Elf:3    | Got a clouded sapphire amulet
 53752 | Elf:3    | Identified the Almanac of Evil Magic and Creation
 53812 | Elf:3    | Identified the amulet "Solifeh" {Inacc *Contam rPois rC+++
                  | SInv} (You found it on level 3 of the Elven Halls)
 53813 | Elf:3    | Identified the +5 hand crossbow "Keebocar" {elec, rPois}
                  | (You found it on level 3 of the Elven Halls)
 53872 | Elf:3    | Identified Oboxerih's Incunabulum of Displaced
                  | Augmentations
 54341 | Elf:3    | Found Tiewiu's Book Boutique.
 54454 | Elf:2    | Learned a level 4 spell: Summon Lightning Spire
 54460 | Elf:2    | Learned a level 5 spell: Silence
 54578 | Orc:1    | Bought a scroll of acquirement for 728 gold pieces
 54579 | Orc:1    | Identified the ring "Faata" {rN+ Int+5} (You acquired it on
                  | level 1 of the Orcish Mines)
 54687 | D:12     | Killed Frances
 55045 | Lair:6   | Received a gift from Okawaru
 55078 | Lair:6   | Got a faintly glowing large shield {god gift}
 55095 | Lair:6   | Reached skill level 20 in Fighting
 55095 | Lair:6   | Reached skill level 1 in Summonings
 55144 | Lair:6   | Identified the +0 large shield of Ocvyroc {MR+ Dex+3}
                  | (Okawaru gifted it to you on level 6 of the Lair of Beasts)
 55167 | Lair:6   | Got a scorched mace
 55168 | Lair:6   | Identified the +7 mace of Ambiguity {speed, rElec Int+4
                  | Dex+3 Stlth+} (You found it on level 6 of the Lair of
                  | Beasts)
 55315 | Swamp:1  | Entered Level 1 of the Swamp
 56285 | Swamp:2  | Identified Roxanne's Guide on Transformation
 56285 | Swamp:2  | Noticed Roxanne
 56318 | Swamp:2  | Reached skill level 5 in Charms
 56510 | Swamp:2  | Reached skill level 5 in Necromancy
 57047 | Swamp:2  | Reached skill level 5 in Hexes
 57149 | Swamp:2  | Identified the amulet of Ganal {Fragile MR+++ Regen+ Dex-4
                  | Stlth+} (You found it on level 2 of the Swamp)
 57695 | Swamp:2  | Killed Roxanne
 58622 | Swamp:3  | Received a gift from Okawaru
 58950 | Swamp:4  | Entered Level 4 of the Swamp
 58980 | Swamp:4  | Received a gift from Okawaru
 58980 | Swamp:4  | Reached skill level 5 in Summonings
 58981 | Swamp:4  | Reached XP level 20. HP: 141/157 MP: 32/32
 59025 | Swamp:4  | Received a gift from Okawaru
 59372 | Swamp:4  | Got a decaying rune of Zot
 59546 | Swamp:4  | Identified the +7 large shield of the Falcon {MR+ Regen+
                  | Dex-3} (Okawaru gifted it to you on level 4 of the Swamp)
 60050 | Swamp:4  | Learned a level 6 spell: Deflect Missiles
 60330 | Orc:2    | Bought a scroll of summoning for 171 gold pieces
 60330 | Orc:2    | Bought a scroll of identify for 36 gold pieces
 60330 | Orc:2    | Bought a scroll of identify for 36 gold pieces
 60330 | Orc:2    | Bought a scroll of enchant weapon for 135 gold pieces
 60500 | Spider:1 | Entered Level 1 of the Spider Nest
 61018 | Spider:1 | Found a runed translucent gate.
 61018 | Spider:1 | Found a runed translucent gate.
 61018 | Spider:1 | Found a runed translucent gate.
 61021 | Spider:1 | Noticed Taocaav's ghost (adept CeHu)
 61428 | Spider:1 | Killed Taocaav's ghost
 61428 | Spider:1 | Reached skill level 1 in Air Magic
 61703 | Spider:2 | Noticed Asterion
 61875 | Spider:2 | Killed Asterion
 61882 | Spider:2 | Noticed Arachne
 61901 | Spider:2 | Killed Arachne
 61965 | Spider:2 | Learned a level 2 spell: Passwall
 61995 | Spider:2 | Received a gift from Okawaru
 63023 | Spider:4 | Entered Level 4 of the Spider Nest
 63889 | Spider:4 | Reached skill level 10 in Hexes
 63894 | Spider:4 | Reached skill level 21 in Fighting
 63931 | Spider:4 | Reached XP level 21. HP: 160/165 MP: 33/33
 64296 | Spider:4 | Got a gossamer rune of Zot
 64903 | D:15     | Killed Gosau's ghost
 65054 | Vaults:1 | Entered Level 1 of the Vaults
 65467 | Vaults:1 | Received a gift from Okawaru
 66186 | Vaults:2 | Found a staircase to the Crypt.
 66361 | Vaults:2 | Reached skill level 5 in Air Magic
 66415 | Vaults:2 | Found the +8 orange crystal plate armour {Archmagi, Int+3
                  | Clar}
 66831 | Vaults:2 | Identified the +3 rapier "Socaaxku" {flame, rF+++ rC+ Int+3
                  | Dex-5}
 67654 | Vaults:3 | Reached XP level 22. HP: 171/172 MP: 35/35
 68002 | Vaults:3 | Received a gift from Okawaru
 68379 | Vaults:3 | Found Gozag's Assorted Antiques.
 68381 | Vaults:3 | Found an opulent altar of Gozag.
 68381 | Vaults:3 | Found Gozag's Assorted Antiques.
 68382 | Vaults:3 | Found Gozag's Antique Weapon Emporium.
 68400 | Vaults:3 | Reached skill level 10 in Spellcasting
 68426 | Vaults:3 | Gained mutation: Scrolls take you a little longer to read.
                  | [a shining eye]
 68460 | Vaults:3 | Bought a slimy ivory ring for 500 gold pieces
 68463 | Vaults:3 | Identified the ring "Gugediycku" {Ice rElec Int+2 Stlth+}
                  | (You bought it in a shop on level 3 of the Vaults)
 68920 | Vaults:4 | Reached skill level 22 in Fighting
 69165 | Vaults:4 | Received a gift from Okawaru
 69402 | Vaults:4 | Found Degaffo's Weapon Shoppe.
 70210 | Vaults:4 | Received a gift from Okawaru
 70876 | Orc:2    | Bought a book of Necromancy for 390 gold pieces
 70881 | Orc:2    | Learned a level 4 spell: Animate Dead
 71251 | Depths:1 | Entered Level 1 of the Depths
 71454 | Depths:1 | Received a gift from Okawaru
 71469 | Depths:1 | Reached XP level 23. HP: 175/180 MP: 38/38
 71821 | Depths:1 | Found a gateway to Hell.
 71837 | Depths:1 | Identified the cursed +0 pair of gloves of Rolir {rElec
                  | MR+}
 71837 | Depths:1 | Noticed Nikola
 71858 | Depths:1 | Killed Nikola
 71858 | Depths:1 | Received a gift from Okawaru
 72525 | Depths:2 | Received a gift from Okawaru
 72536 | Depths:2 | Got a fine trident {god gift}
 72539 | Depths:2 | Identified the +3 trident of Integrity {drain, Fragile +Fly
                  | rN+++ SInv} (Okawaru gifted it to you on level 2 of the
                  | Depths)
 72642 | Depths:2 | Noticed a juggernaut
 72657 | Depths:2 | Killed a juggernaut
 73282 | Depths:2 | Found a one-way gate to the infinite horrors of the Abyss.
 73287 | Depths:2 | Paralysed by a floating eye for 3 turns
 73291 | Depths:2 | Received a gift from Okawaru
 73668 | Depths:3 | Found a runed translucent gate.
 73668 | Depths:3 | Found a runed translucent gate.
 73668 | Depths:3 | Found a runed translucent gate.
 73739 | Depths:3 | Reached skill level 10 in Summonings
 73764 | Depths:3 | Noticed Miutz's ghost (master GrEE)
 73889 | Depths:3 | Reached XP level 24. HP: 187/187 MP: 39/39
 73901 | Depths:3 | Reached skill level 10 in Evocations
 73911 | Depths:3 | Noticed Xtahua
 74382 | Depths:3 | Killed Xtahua
 74382 | Depths:3 | Received a gift from Okawaru
 74543 | Depths:3 | Identified the ring "Wukkyf" {Fire rElec rPois Dex+6}
 75218 | Depths:3 | Killed Miutz's ghost
 75881 | Depths:3 | Received a gift from Okawaru
 76056 | Depths:3 | Found a one-way gate leading to the halls of Pandemonium.
 76876 | Depths:3 | Noticed a greater mummy
 76902 | Depths:3 | Killed a greater mummy
 77307 | Depths:3 | Identified the +1 morningstar of the Omega Point {holy,
                  | *Rage rN+ MR+ SInv} (You found it on level 3 of the Depths)
 77476 | Depths:4 | Received a gift from Okawaru
 77512 | Depths:4 | Found a gateway to a ziggurat.
 77868 | Depths:4 | Found the +6 lightning scales {run, rElec}
 77868 | Depths:4 | Noticed an ancient lich
 77898 | Depths:4 | Killed an ancient lich
 77905 | Depths:4 | Received a gift from Okawaru
 78216 | Depths:4 | Identified the Almanac of Ash
 78232 | Depths:4 | Identified the ring "Ujuocouh" {rElec rN++ MP+9 Str+5 Int+3
                  | Dex-5} (You found it on level 4 of the Depths)
 78288 | Depths:4 | Reached skill level 15 in Axes
 78448 | Depths:4 | Received a gift from Okawaru
 78467 | Depths:4 | Reached XP level 25. HP: 191/191 MP: 39/39
 79106 | D:9      | Bought a book of Summonings for 980 gold pieces
 79112 | D:9      | Learned a level 5 spell: Aura of Abjuration
 80365 | Depths:5 | Entered Level 5 of the Depths
 80449 | Depths:5 | Found a runed translucent gate.
 80450 | Depths:5 | Found a runed translucent gate.
 80451 | Depths:5 | Found a runed translucent gate.
 80452 | Depths:5 | Noticed Emok's ghost (veteran BaIE)
 80453 | Depths:5 | Noticed an ancient lich
 80584 | Depths:5 | Reached skill level 15 in Dodging
 80623 | Depths:5 | Received a gift from Okawaru
 80657 | Depths:5 | Found a gate to the Realm of Zot.
 80943 | Depths:5 | Received a gift from Okawaru
 80946 | Depths:5 | Got an encrusted spear {god gift}
 80949 | Depths:5 | Identified the +3 spear of the Peculiar Coins {freeze,
                  | rPois rF+ rN+} (Okawaru gifted it to you on level 5 of the
                  | Depths)
 81847 | Depths:5 | Identified the ring of Giusyux {rElec rN++ Stlth+} (You
                  | found it on level 5 of the Depths)
 81847 | Depths:5 | Lost mutation: Scrolls take you a little longer to read.
                  | [potion of mutation]
 81847 | Depths:5 | Gained mutation: You possess an exceptional clarity of
                  | mind. [potion of mutation]
 81847 | Depths:5 | Gained mutation: You are agile. (Dex +2) [potion of
                  | mutation]
 81847 | Depths:5 | Gained mutation: One of your tentacles bears a spike.
                  | [potion of mutation]
 81866 | Depths:5 | Killed an ancient lich
 82246 | Depths:5 | Killed Emok's ghost
 82442 | Depths:5 | Learned a level 6 spell: Shadow Creatures
 82739 | Orc:1    | Bought a potion of agility for 56 gold pieces
 82739 | Orc:1    | Bought an uncursed ring of resist corrosion for 280 gold
                  | pieces
 83032 | Slime:1  | Entered Level 1 of the Pits of Slime
 83571 | Slime:5  | Entered Level 5 of the Pits of Slime
 83579 | Slime:5  | Received a gift from Okawaru
 83719 | Slime:5  | Found a viscous altar of Jiyva.
 83719 | Slime:5  | Noticed the Royal Jelly
 83759 | Slime:5  | Killed the Royal Jelly
 83759 | Slime:5  | Received a gift from Okawaru
 83759 | Slime:5  | Reached XP level 26. HP: 194/197 MP: 34/39
 83935 | Slime:5  | Got a slimy rune of Zot
 83937 | Slime:5  | Identified the amulet "Okomy" {Reflect rC+ SH+6} (You found
                  | it on level 5 of the Pits of Slime)
 83952 | Slime:5  | Identified the Almanac of Torrid Attacks
 83962 | Slime:5  | Identified the ring of Epseaczi {rC++ rN+ Int+2 Stlth+}
                  | (You found it on level 5 of the Pits of Slime)
 83985 | Slime:5  | Identified the +10 hunting sling of Crawling {freeze, +Inv
                  | rC+ Dex-5} (You found it on level 5 of the Pits of Slime)
 83996 | Slime:5  | Identified the cursed +1 fustibalus of the Throat
                  | {velocity, +Fly rPois rC+} (You found it on level 5 of the
                  | Pits of Slime)
 84504 | Zig:1    | Entered Level 1 of a ziggurat
 84522 | Zig:2    | Entered Level 2 of a ziggurat
 84602 | Zig:3    | Entered Level 3 of a ziggurat
 84782 | Zig:4    | Entered Level 4 of a ziggurat
 84832 | Zig:4    | Got a wavering granite ring
 84833 | Zig:4    | Identified the ring of Qepupuut {+Fly rF+ rC+ Str-2 Slay+3}
                  | (You found it on level 4 of a ziggurat)
 84839 | Zig:5    | Entered Level 5 of a ziggurat
 84843 | Zig:5    | Noticed a Killer Klown
 84845 | Zig:5    | Noticed a Killer Klown
 84862 | Zig:5    | Killed a Killer Klown
 84865 | Zig:5    | Killed a Killer Klown
 86045 | D:11     | Bought 2 potions of haste for 300 gold pieces
 86045 | D:11     | Bought a potion of might for 60 gold pieces
 86228 | D:15     | Bought a potion of lignification for 39 gold pieces
 86228 | D:15     | Bought a potion of haste for 130 gold pieces
 86228 | D:15     | Bought a potion of haste for 130 gold pieces
 86228 | D:15     | Bought 2 potions of might for 104 gold pieces
 86228 | D:15     | Bought 2 potions of mutation for 208 gold pieces
 86437 | D:8      | Bought a wand of digging (5) for 252 gold pieces
 86437 | D:8      | Bought a box of beasts for 280 gold pieces
 86437 | D:8      | Bought a wand of acid (10) for 392 gold pieces
 86473 | D:7      | Bought a sack of spiders for 280 gold pieces
 86473 | D:7      | Bought a wand of scattershot (5) for 378 gold pieces
 86821 | Zot:1    | Entered Level 1 of the Realm of Zot
 87117 | Zot:1    | Reached skill level 15 in Evocations
 87618 | Zot:2    | Learned a level 5 spell: Summon Forest
 87764 | Zot:5    | Entered Level 5 of the Realm of Zot
 87792 | Zot:5    | Reached skill level 5 in Stealth
 87828 | Zot:5    | Reached skill level 1 in Earth Magic
 87835 | Zot:5    | Reached skill level 1 in Transmutations
 88080 | Zot:4    | Found a basalt altar of Yredelemnul.
 88313 | Zot:5    | Received a gift from Okawaru
 88677 | Zot:5    | Noticed an ancient lich
 88685 | Zot:5    | Killed an ancient lich
 88735 | Zot:5    | Noticed a Killer Klown
 88750 | Zot:5    | Killed a Killer Klown
 88750 | Zot:5    | Reached XP level 27. HP: 201/203 MP: 39/39
 89114 | Zot:5    | Noticed an orb of fire
 89142 | Zot:5    | Noticed an orb of fire
 89162 | Zot:5    | Killed an orb of fire
 89162 | Zot:5    | Reached skill level 10 in Stealth
 89176 | Zot:5    | Received a gift from Okawaru
 89208 | Zot:5    | Killed an orb of fire
 89634 | Zot:5    | Received a gift from Okawaru
 90719 | Zot:5    | Noticed an orb of fire
 90740 | Zot:5    | Killed an orb of fire
 91730 | Zot:5    | Received a gift from Okawaru
 92201 | Zot:5    | Noticed an ancient lich
 92213 | Zot:5    | Killed an ancient lich
 92433 | Zot:5    | Got the Orb of Zot
 92980 | D:6      | Noticed Juvadeal the pandemonium lord
 93022 | D:4      | Gained mutation: You are covered in fur. (AC +1) [a
                  | cacodemon]
 93171 | D:$      | Escaped with the Orb!

Levels and vault maps discovered:
D:1:      dpeg_arrival_brainrot, layout_basic, chequers_decorated_corner,
          lemuel_old_faithful
D:2:      layout_loops_cross, first_ration, serial_glass, glass_columns_b,
          glass_columns_a, feat_on_display, item_on_display_a,
          minmay_strange_pillars, minmay_strange_pillars
D:3:      layout_basic, nicolae_overflow_crystal_walls,
          gammafunk_ghost_gnarly_gnolls, uniq_ijyb
D:4:      layout_loops_corners, nicolae_ru_path_of_blood, marbit_many_paths,
          portal_sewer_entry_b, nrook_campfire, minmay_misc_feat_columns,
          grunt_ministairs_4, minmay_starry_boxes, uniq_edmund
D:5:      layout_basic, kennysheep_mini, minmay_manual_mail, uniq_grinder,
          uniq_sigmund, uniq_menkaure
D:6:      wander_guarded_unrand_ratskin, layout_cave_pools,
          overflow_temple_1_default, lemuel_temple_firewalk_a,
          chei_slow_surprise
D:7:      layout_loops_ring, serial_shops, shop, shop, shop, shop, shop,
          grunt_ogre_cave
D:8:      layout_rooms, minmay_lair_entry_grove, serial_shops,
          kennysheep_little_box
D:9:      gammafunk_wand_slinger, layout_loops_cross, lemuel_round_altar,
          grunt_temple_overflow_open, serial_shops, nicolae_shop_crystal,
          basic_altar, st_stairs_4, lemuel_angel_altar
D:10:     layout_loops_cross, pond, uniq_joseph, uniq_erica, uniq_fannar
D:11:     layout_loops_ring, serial_shops, shop_fountains,
          gauntlet_entry_generic
D:12:     layout_basic, minmay_orc_entry_guard_dogs, uniq_frances
D:13:     minmay_the_grid_octo_tiled_squarecenter_mashed
          [minmay_the_grid_octo_focus, minmay_the_grid_octo_vomiting_pacman,
          minmay_the_grid_octo_teeth, minmay_the_grid_octo_shrine,
          minmay_the_grid_square_5x5_megaprize_hollow,
          minmay_the_grid_square_5x5_shrine1, minmay_the_grid_square_5x5_six,
          minmay_the_grid_square_5x5_gyroscope,
          minmay_the_grid_square_5x5_two_walls_a], layout_stronghold,
          minmay_misc_feat_alley
D:14:     nrook_guardian_serpent_snake_passage, layout_basic, erik_vaults_2,
          serial_shops, shop
D:15:     gammafunk_enter_depths_forms, layout_rooms, gammafunk_ghost_mausoleum,
          minivault_25, serial_shops, shop, minmay_misc_feat_pillars
Lair:1:   layout_small_grid, grunt_megastairs_2
Lair:2:   layout_gridlike, grunt_forest_small_clearings,
          grunt_forest_large_clearings
Lair:3:   layout_misc_corridors, palyth_hydra_swamp_entry, zaba_antful_of_joy,
          lemuel_fruit_tree
Lair:4:   layout_long_grid, spider_nest_entry_web_field,
          ebering_ghost_inner_flame
Lair:5:   layout_roguey, ebering_ghost_funeral_grove
Lair:6:   due_jungle_book, layout_gridlike, slime_altar_1,
          kennysheep_abandoned_house
Swamp:1:  layout_basic_swamp, evilmike_swamp_ruin_house_5
Swamp:2:  cheibrodos_swamp_mausoleum, layout_basic_swamp, serial_swamp_ruin,
          evilmike_swamp_ruin_house_2, evilmike_swamp_ruin_rubble_2,
          evilmike_swamp_ruin_rubble_1, uniq_roxanne
Swamp:3:  layout_falls_marsh, evilmike_swamp_ruin_house_6, swamp_pool2
Swamp:4:  swamp_alternative, layout_basic_swamp, swamp_pool1
Spider:1: layout_spider_delve, gammafunk_ghost_split
Spider:2: layout_spider_delve, uniq_arachne, uniq_asterion
Spider:3: layout_spider_delve, drop_trap
Spider:4: guppyfry_spider_rune, nicolae_orb_island
Slime:1:  cheibrodos_slime_lost_civilization_10, layout_caves
Slime:2:  layout_caves
Slime:3:  layout_caves
Slime:4:  layout_caves
Slime:5
Orc:1:    layout_diamond_mine, serial_shops, nicolae_shop_trees, uniq_gastronok
Orc:2:    st_orc_mages, layout_caves, serial_shops, nicolae_shop_crystal
Elf:1:    eino_elf_arrival_altar, layout_loops_corners, special_room
          [special_room_mythical_zoo], kennysheep_underground_church
Elf:2:    layout_onion_city, patterned_corridor
Elf:3:    minmay_elf_hall_x, layout_geoelf_octagon, serial_shops,
          nicolae_shop_stone, minmay_misc_feat_diagonals,
          corexii_leaking_fountain
Vaults:1: ontoclasm_vaults_ring_square, v_misc_12,
          nicolae_vaults_sealed_display, v_misc_14, v_misc_26,
          ontoclasm_vaults_hangar, vaults_standard_mumra_enter_the_diamond,
          nicolae_vaults_puzzle_piece, nicolae_vaults_mini_display_case,
          ontoclasm_vaults_gateway, nicolae_vaults_little_squares_4,
          layout_vaults_maze_snakey
Vaults:2: ontoclasm_vaults_ring_small, v_misc_25, v_alt_pattern_4,
          minmay_crypt_entry_simple_plaza, v_alt_pattern_5,
          ontoclasm_vaults_bender, v_alt_pattern_2, v_pattern_5,
          nicolae_vaults_asterisk, nicolae_vaults_disjoint_gnomons,
          nicolae_vaults_diagonal_hallway_6, v_alt_pattern_2, v_misc_30,
          vaults_room_semicircle, layout_vaults_omnibox
Vaults:3: vaults_room_stairs_pillars, ontoclasm_vaults_idyll,
          ontoclasm_vaults_eye, nicolae_vaults_yaktaur_gun_rack,
          nicolae_vaults_inception_corners, vaults_room_fours, v_misc_8,
          grunt_vaults_hallway_long, kennysheep_vaults_gozag_temple,
          nicolae_vaults_circle_grid_a, v_misc_8, hangedman_vaults_impose,
          ontoclasm_vaults_decontamination, v_pattern_2,
          nicolae_vaults_asterisk, layout_vaults_omnicross
Vaults:4: dpeg_vaults_monster_box, v_misc_19, v_misc_13,
          hangedman_vaults_corner, nicolae_vaults_three_branches,
          grunt_vaults_swirl, vaults_dpeg_ring, vaults_room_door_ring,
          ontoclasm_vaults_twist, hangedman_vaults_cutoff, vaults_dpeg_hooks,
          dpeg_vaults_monster_row, layout_vaults_big_room, serial_shops, shop
Depths:1: layout_big_octagon, pf_vacation_house_of_asmodeus,
          kennysheep_big_empty_room, kennysheep_generic_room_8, uniq_nikola
Depths:2: evilmike_hourglass, layout_basic, pf_hell_entry_tar_river,
          abyss_entry_crystal, chequers_serial_rivers_marsh,
          chequers_serial_rivers_micro_d, serial_sigils_hangedman_gut
Depths:3: ragdoll_tomb_raider, layout_basic, hell_entry, rand_demon_pan_entry_8,
          gammafunk_ghost_icy, grunt_megastairs_5,
          infiniplex_staircase_pillars_2, uniq_xtahua
Depths:4: hangedman_pleasuredromes, hell_entry, serial_shops, abyss_entry
Depths:5: grunt_zot_entry_alcove, layout_cave_shapes, minmay_room_of_horrors,
          hangedman_coc_ice_floe, gammafunk_ghost_necromancy, minmay_misc_feat_x
Zot:1:    layout_basic
Zot:2:    layout_twisted_circle
Zot:3:    layout_gridville, lemuel_baited_zot_trap
Zot:4:    layout_cathedral_of_symmetry, basic_altar
Zot:5:    layout_basic

Skill      XL: |  1  2  3  4  5  6  7  8  9 10 11 12 13 14 15 16 17 18 19 20 21 22 23 24 25 26 27 |
---------------+----------------------------------------------------------------------------------+-----
Fighting       | 2 4 5 7 8 10 12 14 15 17 19 20 21 22 | 22.0
Stealth        | 1 3 4 8 14 | 14.2
Shields        | 1 2 3 4 5 7 10 12 14 15 16 17 18 20 | 20.0
Dodging        | 3 6 8 9 10 11 12 13 14 16 17 | 17.7
Invocations    | 1 4 5 6 7 9 |  9.0
Evocations     | 2 5 6 7 9 11 14 15 17 | 17.9
Polearms       | 2 5 7 8 |  8.4
Axes           | 4 10 13 14 15 16 17 | 17.4
Spellcasting   | 4 6 7 8 9 11 12 | 12.0
Translocations | 4 5 |  5.0
Charms         | 3 5 6 7 |  7.0
Necromancy     | 3 5 |  5.0
Summonings     | 5 7 8 9 10 11 12 13 | 13.0
Hexes          | 6 10 12 | 12.9
Air Magic      | 3 5 |  5.0
Earth Magic    | 2 3 |  3.0
Transmutations | 3 |  3.0
Throwing       | |  2.0

Action                   |  1- 3 |  4- 6 |  7- 9 | 10-12 | 13-15 | 16-18 | 19-21 | 22-24 | 25-27 || total
-------------------------+-------+-------+-------+-------+-------+-------+-------+-------+-------++-------
Melee: Unarmed           |    15 |     2 |       |       |       |       |       |       |       ||    17
       Constrict         |    26 |    30 |    61 |   102 |   151 |   211 |   243 |   157 |   121 ||  1102
       Tentacles         |    18 |    37 |    61 |   237 |   456 |   388 |   596 |   609 |   490 ||  2892
       Dagger            |    91 |   144 |   375 |       |       |       |       |       |       ||   610
       Spear             |       |       |    24 |   913 |   269 |       |       |       |       ||  1206
       Punch             |       |       |       |    19 |    50 |    33 |    50 |    41 |    51 ||   244
       Trident           |       |       |       |    35 |  1436 |  1299 |       |       |       ||  2770
       Broad axe         |       |       |       |       |       |    89 |  1617 |  1508 |  1292 ||  4506
       Kick              |       |       |       |       |       |       |       |       |   542 ||   542
Throw: Javelin           |    14 |       |       |       |     1 |       |       |       |       ||    15
       Throwing net      |     1 |     9 |     1 |       |       |     3 |       |       |     2 ||    16
       Stone             |       |    15 |     3 |       |       |       |       |       |       ||    18
       Boomerang         |       |     2 |     8 |       |       |       |       |       |       ||    10
       Dart              |       |       |     4 |    16 |       |       |       |       |       ||    20
 Cast: Slow              |       |    23 |    13 |       |       |       |       |       |       ||    36
       Cause Fear        |       |       |       |       |     1 |       |       |       |       ||     1
       Blink             |       |       |       |       |       |     1 |       |     2 |       ||     3
       Passwall          |       |       |       |       |       |       |     1 |       |     1 ||     2
       Summon Mana Viper |       |       |       |       |       |       |       |    22 |    43 ||    65
       Animate Dead      |       |       |       |       |       |       |       |    16 |    12 ||    28
       Regeneration      |       |       |       |       |       |       |       |    23 |    22 ||    45
       Deflect Missiles  |       |       |       |       |       |       |       |     1 |     6 ||     7
       Summon Lightning  |       |       |       |       |       |       |       |       |     4 ||     4
       Shadow Creatures  |       |       |       |       |       |       |       |       |    12 ||    12
       Silence           |       |       |       |       |       |       |       |       |     1 ||     1
Invok: Heroism           |       |       |     2 |    31 |    45 |    43 |    43 |    29 |    38 ||   231
       Finesse           |       |       |       |       |       |     1 |     6 |     1 |     7 ||    15
Evoke: Wand              |       |       |     7 |    16 |    21 |    13 |     1 |     2 |    29 ||    89
       Phial of floods   |       |       |       |     1 |       |       |       |       |       ||     1
       Lamp of fire      |       |       |       |       |       |       |     1 |     1 |       ||     2
       Box of beasts     |       |       |       |       |       |       |       |       |     3 ||     3
  Use: Scroll            |     5 |     3 |     5 |    13 |    13 |    11 |    22 |     9 |    22 ||   103
       Potion            |       |     1 |     5 |     4 |     1 |     1 |       |     3 |     7 ||    22
 Stab: Sleeping          |    15 |     8 |    28 |    28 |    48 |    38 |    51 |    12 |     9 ||   237
       Distracted        |       |       |     2 |     5 |     8 |     7 |     3 |    19 |    18 ||    62
       Invisible         |       |       |     2 |       |       |       |       |       |       ||     2
       Paralysed         |       |       |       |     7 |       |       |       |       |       ||     7
       Held in net/web   |       |       |       |       |       |       |       |       |     5 ||     5
  Eat: Chunk             |     6 |     9 |    12 |    26 |    36 |    31 |    32 |    23 |     4 ||   179
       Ration            |       |     1 |     5 |     2 |     3 |     6 |     5 |     6 |    16 ||    44
Armor: Skin              |    10 |    17 |    11 |    23 |    92 |    62 |   125 |    84 |    47 ||   471
Dodge: Dodged            |    67 |    98 |   180 |   275 |   462 |   294 |   724 |   575 |   408 ||  3083
       Deflected         |       |       |       |       |       |       |       |     1 |    18 ||    19
Block: Buckler           |     3 |    45 |    84 |       |       |       |       |       |       ||   132
       Shield            |       |       |    10 |   245 |   408 |       |       |       |       ||   663
       Large shield      |       |       |       |       |   481 |   876 |  1694 |  1807 |  1292 ||  6150
       Reflection        |       |       |       |       |       |       |       |    61 |    14 ||    75
